 Seeded DCSS version 0.30.1-11-g7821555f0a (webtiles) character file.

Game seed: 5 (custom seed)

5 Kazon the Ducker (level 1, -2/16 HPs)
             Began as a Vampire Gladiator on Dec 6, 2023.
             Frozen to death by an endoplasm (5 damage)
             ... on level 1 of the Dungeon.
             The game lasted 00:00:47 (95 turns).

Kazon the Ducker (Vampire Gladiator)                  Turns: 95, Time: 00:00:47

Health: -2/16      AC:  1    Str: 13    XL:     1   Next: 66%
Magic:  1/1        EV: 13    Int: 10    God:
Gold:   10         SH:  0    Dex: 15    Spells: 0/0 levels left

rFire   . . .        (no weapon)
rCold   . . .        (no shield)
rNeg    . . .        (no body armour)
rPois   .            c - +0 helmet
rElec   .            (no cloak)
rCorr   .            (no gloves)
SInv    +            (no boots)
Will    .....        (no amulet)
Stlth   +            (no ring)
HPRegen 0.42/turn    (no ring)
MPRegen 0.07/turn

%: no passive effects
@: healing quickly
A: alive, fangs 3, see invisible, vampiric 1
a: Exsanguinate


You were on level 1 of the Dungeon.
You visited 1 branch of the dungeon, and saw 1 of its levels.

You collected 10 gold pieces.

Inventory:

Missiles
 d - 3 throwing nets (quivered)
 e - a javelin
Armour
 c - a +0 helmet (worn)
Scrolls
 a - a scroll of fog {unknown}
 f - a scroll of acquirement


   Skills:
 + Level 1.9 Fighting
 + Level 3.0 Long Blades
 + Level 1.5 Throwing
 + Level 3.5 Dodging


You couldn't memorise any spells.
You didn't know any spells.
Your spell library was empty.

Dungeon Overview and Level Annotations

Branches:
Dungeon (1/15)

Altars:


Innate Abilities, Weirdness & Mutations

Your natural rate of healing is accelerated.
You have razor-sharp teeth.
You have supernaturally acute eyesight. (SInv)
You are afflicted with vampirism.


Message History

The endoplasm splashes around in the water. x2
The endoplasm attacks as you move away!
The endoplasm splashes around in the water.
The endoplasm hits you. The endoplasm barely misses you.
The endoplasm attacks as you move away! The endoplasm closely misses you.
The endoplasm hits you. The endoplasm attacks as you move away!
The endoplasm hits you. 3 jackals and an endoplasm come into view.
Found 10 gold pieces and a scroll labelled FOQEFA DOBLIOG.
The jackal barks!
The endoplasm quivers.
A goblin comes into view. It is wielding a +0 dagger.
The goblin moves out of view.
The jackal barks! x2; The goblin shouts!
Found a red potion.
The jackal closely misses you. The endoplasm closely misses you.
The jackal bites you. The jackal attacks as you move away!
The jackal misses you. The endoplasm attacks as you move away!
The endoplasm hits you but does no damage.
The endoplasm hits you. The jackal attacks as you move away!
The jackal bites you. The goblin closely misses you. The endoplasm misses you.
The jackal barely misses you. The goblin misses you. The endoplasm misses you.
The endoplasm attacks as you move away! The endoplasm closely misses you.
The jackal bites you. The goblin barely misses you.
You see here 10 gold pieces.
You now have 10 gold pieces.
The jackal misses you. The jackal closely misses you.
The goblin hits you but does no damage. The jackal bites you.
The jackal barely misses you. The jackal barely misses you.
The jackal misses you. The jackal attacks as you move away!
The jackal barely misses you. The endoplasm attacks as you move away!
The endoplasm hits you.
* * * LOW HITPOINT WARNING * * *
You see here a scroll labelled FOQEFA DOBLIOG.
a - a scroll labelled FOQEFA DOBLIOG The jackal bites you.
* * * LOW HITPOINT WARNING * * *
The endoplasm freezes you.
You are frozen.
You die...

############
#..........#
+..........+ #
#..@.......# #
#.hJhh.....# #
#.J.g....!.# #
#g.J.......# #
#..........# #
#..........#.# #
##..........#.# #
#~♣♣♣P♣.....#.# #
##♣~~♣~~~~....#.#
#


You could see 3 endoplasms, 3 jackals and 2 goblins.

Vanquished Creatures
  4 jackals (D:1)
4 creatures vanquished.

Notes
Turn   | Place    | Note
-------+----------+-------------------------------------------
     0 | D:1      | Kazon the Vampire Gladiator began the quest for the Orb.
     0 | D:1      | Reached XP level 1. HP: 16/16 MP: 1/1
    53 | D:1      | Identified a scroll of acquirement
    95 | D:1      | Frozen to death by an endoplasm

Illustrated notes

Levels and vault maps discovered:
D:1:      ebering_trefoil_3fold, layout_basic, st_stairs_14, serial_bayou_ford_a

Action                     || total
---------------------------++-------
  Melee: Long sword        ||    25
         Bite              ||     1
 Armour: Leather armour    ||     8
         Skin              ||     2
  Dodge: Dodged            ||    51
